 Dungeon Crawl Stone Soup version 0.29-a0-982-gaed3a0c8d8 (webtiles) character file.

Game seed: 13356586890763950546

702 flotson the Trooper (level 7, -1/55 HPs)
             Began as a Demonspawn Delver on Aug 2, 2022.
             Was an Initiate of Gozag.
             Slain by a killer bee (2 damage)
             ... on level 5 of the Dungeon.
             The game lasted 00:09:55 (6413 turns).

flotson the Trooper (Demonspawn Delver)             Turns: 6413, Time: 00:09:55

Health: -1/55      AC:  8    Str:  9    XL:     7   Next: 38%
Magic:  0/7        EV: 10    Int: 12    God:    Gozag
Gold:   28         SH:  3    Dex: 14    Spells: 6/6 levels left

rFire   + . .      SeeInvis +   a - +8 hand axe of Ompamoe {drain, rF+ rC+ Str-5 SInv}
rCold   + . .      Faith    .   u - +0 buckler
rNeg    . . .      Spirit   +   m - +0 ring mail {Will+}
rPois   .          Reflect  .   y - +1 hat
rElec   .          Harm     .   b - +0 cloak
rCorr   +          Rampage  .   (no gloves)
Will    +....                   B - +0 pair of boots
Stlth   ++........              (no amulet)
HPRegen 0.18/turn               D - ring of resist corrosion
MPRegen 0.20/turn               (no ring)

@: mighty, hasted, very quick
A: horns 1, demonic guardian 2, magic shield, magic regeneration
a: Renounce Religion, Potion Petition, Call Merchant, Bribe Branch


You were on level 5 of the Dungeon.
You worshipped Gozag.
Gozag was noncommittal.
You visited 2 branches of the dungeon, and saw 7 of its levels.

You collected 308 gold pieces.
You spent 216 gold pieces at shops.
You paid 64 gold pieces to Gozag.

Inventory:

Hand Weapons
 a - the +8 hand axe of Ompamoe (weapon) {drain, rF+ rC+ Str-5 SInv}
   (You bought it in a shop on level 3 of the Dungeon)

   A truly terrible weapon, it drains the life of any living foe it strikes.
   Str:       It affects your strength (-5).
   rF:        It protects you from fire.
   rC:        It protects you from cold.
   SInv:      It lets you see invisible.
Missiles
 h - 4 poisoned darts (quivered)
 t - 4 javelins
Armour
 b - a +0 cloak (worn)
 m - a +0 ring mail of willpower (worn)
 u - a +0 buckler (worn)
 y - a +1 hat (worn)
 B - a +0 pair of boots (worn)
Jewellery
 D - a ring of resist corrosion (left hand)
Wands
 g - a wand of digging (3)
 C - a wand of flame (10)
Scrolls
 c - 2 scrolls of fog
 e - 2 scrolls of fear
 f - 3 scrolls of amnesia {unknown}
 i - 8 scrolls of identify {unknown}
 j - 3 scrolls of teleportation {unknown}
 k - 2 scrolls of vulnerability {unknown}
 l - 2 scrolls of poison {unknown}
 s - 2 scrolls of enchant armour {unknown}
 w - a scroll of magic mapping
 x - a scroll of blinking {unknown}
 E - a scroll of noise {unknown}
Potions
 d - a potion of haste
 n - a potion of heal wounds {unknown}
 o - a potion of curing
 p - a potion of ambrosia {unknown}
 q - 2 potions of cancellation {unknown}
 r - a potion of attraction {unknown}
 v - 2 potions of might
 z - a potion of lignification {unknown}
 A - a potion of flight {unknown}


   Skills:
 + Level 4.7 Fighting
 + Level 0.0(1.0) Axes
 - Level 1.7 Polearms
 + Level 2.8 Throwing
 + Level 3.0 Armour
 + Level 3.7 Dodging
 - Level 4.5 Stealth
 + Level 0.0 Shields
 + Level 3.4 Evocations


You had 6 spell levels left.
You didn't know any spells.
Your spell library was empty.

Dungeon Overview and Level Annotations

Branches:
Dungeon (6/15)             Temple (1/1) D:4

Altars:
Ashenzari
Fedhas
Gozag
Hepliaklqana
Kikubaaqudgha
Makhleb
Nemelex Xobeh
Ru
Trog
Wu Jian

Shops:
D:3 (


Innate Abilities, Weirdness & Mutations

You have a pair of small horns on your head.
A demonic guardian rushes to your aid.
When hurt, damage is shared between your health and your magic reserves.
You regenerate magic rapidly.


Message History

You block the killer bee's attack. The killer bee closely misses you. x2
You block the killer bee's attack.
The killer bee stings you but does no damage.
You are too injured to fight recklessly!
Unknown command.
You are too injured to fight recklessly!
Unknown command.
You are too injured to fight recklessly!
It was a potion of might.
You feel very mighty all of a sudden.
You feel very sick. The killer bee barely misses you.
The killer bee stings you but does no damage.
The killer bee stings you. You block the killer bee's attack.
The killer bee stings you but does no damage.
The killer bee closely misses you. The killer bee stings you.
The killer bee stings you but does no damage.
You feel yourself speed up.
You feel very sick.
The killer bee stings you but does no damage. x3
The killer bee barely misses you.
The killer bee stings you but does no damage.
The killer bee stings you.
* * * LOW HITPOINT WARNING * * *
The killer bee stings you.
* * * LOW HITPOINT WARNING * * *
A demonic guardian appears!
You are more poisoned.
The killer bee poisons you! The killer bee stings you!
* * * LOW HITPOINT WARNING * * *
It was a potion of curing.
You feel better. The killer bee stings you.
* * * LOW HITPOINT WARNING * * *
The killer bee stings you but does no damage. x2
The killer bee stings you!
* * * LOW HITPOINT WARNING * * *
The killer bee stings you.
* * * LOW HITPOINT WARNING * * *
The killer bee stings you.
You die...
Your body crumbles into a pile of gold.

#.................
#.................
####.................
#.....###############
#.....# #..... #.....+
#..... #..4..# #.....
#.....# #..... #..y@.#
#.....
#..yyy###############
........................
........................
........................
........................
........................
########+###+####'######
$ #..........#


You could see 4 killer bees and a friendly ice devil (summoned).

Vanquished Creatures
  A yak (D:5)
  An ice beast (D:4)
  2 hounds
  A jelly (D:4)
  Ijyb (D:3)
  An iguana (D:4)
  Robin (D:3)
  6 gnolls
  7 adders
  An ufetubus (D:4)
  A dart slug (D:1)
  8 orcs
  5 bats
  10 endoplasms
  A giant cockroach (D:1)
  14 goblins
  3 hobgoblins (D:2)
  4 jackals
  2 quokkas
  6 ball pythons
  3 frilled lizards
  4 kobolds
  8 rats
91 creatures vanquished.

Vanquished Creatures (collateral kills)
  A scorpion (D:4)
  An orc wizard (D:3)
  A worm (D:3)
  A hobgoblin (D:2)
4 creatures vanquished.

Vanquished Creatures (others)
  10 plants (D:2)
10 creatures vanquished.

Grand Total: 105 creatures vanquished

Notes
Turn   | Place    | Note
-------+----------+-------------------------------------------
     0 | D:5      | flotson the Demonspawn Delver began the quest for the Orb.
     0 | D:5      | Reached XP level 1. HP: 18/18 MP: 1/1
    57 | D:5      | Gained mutation: You have a pair of small horns on your
                  | head. [demonic ancestry]
    57 | D:5      | Reached XP level 2. HP: 20/24 MP: 2/2
   198 | D:5      | Reached skill level 1 in Armour
   198 | D:5      | Reached skill level 1 in Evocations
   198 | D:5      | Gained mutation: A weak demonic guardian rushes to your
                  | aid. [demonic ancestry]
   198 | D:5      | Reached XP level 3. HP: 7/29 MP: 3/3
   566 | D:4      | Found a blossoming altar of Fedhas.
   587 | D:3      | Noticed Robin
  1833 | D:2      | Reached skill level 1 in Throwing
  1833 | D:2      | Gained mutation: You regenerate magic rapidly. [demonic
                  | ancestry]
  1833 | D:2      | Reached XP level 4. HP: 26/35 MP: 4/4
  2861 | D:3      | Gained mutation: When hurt, damage is shared between your
                  | health and your magic reserves. [demonic ancestry]
  2861 | D:3      | Reached XP level 5. HP: 27/42 MP: 5/5
  3070 | D:3      | Killed Robin
  3424 | D:3      | Noticed Ijyb
  3683 | D:3      | Found Sushob's Antique Weapon Boutique.
  4230 | D:3      | Killed Ijyb
  4503 | D:4      | Reached XP level 6. HP: 45/48 MP: 6/6
  5006 | D:4      | Found a staircase to the Ecumenical Temple.
  5012 | Temple   | Entered the Ecumenical Temple
  5270 | Temple   | Became a worshipper of Gozag Ym Sagoz the Greedy
  6045 | D:5      | Noticed an ice beast
  6072 | D:5      | Noticed a yak
  6073 | D:5      | Noticed a yak
  6092 | D:5      | Killed a yak
  6093 | D:5      | Gained mutation: A demonic guardian rushes to your aid.
                  | [demonic ancestry]
  6093 | D:5      | Reached XP level 7. HP: 35/55 MP: 3/7
  6283 | D:3      | Bought a bloodstained hand axe for 216 gold pieces
  6283 | D:3      | Identified the +8 hand axe of Ompamoe {drain, rF+ rC+ Str-5
                  | SInv} (You bought it in a shop on level 3 of the Dungeon)
  6413 | D:5      | HP: 2/55 [killer bee (7)]
  6413 | D:5      | Slain by a killer bee

Illustrated notes

Levels and vault maps discovered:
D:1:      nicolae_arrival_washed_ashore, layout_loops_ring,
          minmay_strange_pillars
D:2:      layout_basic, guppyfry_early_lair_pool
D:3:      layout_loops_ring, serial_shops, nicolae_diamond_shop, uniq_ijyb,
          uniq_robin
D:4:      layout_basic, fedhas_altar_1, temple_green
D:5:      layout_gridville
D:6:      layout_layer_cave, uniq_duvessa
Temple:   mainiacjoe_temple_trianglar_array

Skill      XL: |  1  2  3  4  5  6  7 |
---------------+----------------------+-----
Dodging        | 2 3 |  3.7
Armour         | 1 2 3 |  3.0
Evocations     | 1 2 3 |  3.4
Throwing       | 1 2 |  2.8
Fighting       | 4 |  4.7
Polearms       | |  1.7
Stealth        | |  4.5

Action                   |  1- 3 |  4- 6 |  7- 9 || total
-------------------------+-------+-------+-------++-------
Melee: Spear             |    24 |       |       ||    24
       Punch             |     1 |       |       ||     1
       Headbutt          |     6 |    26 |     3 ||    35
       Quarterstaff      |    40 |   195 |     8 ||   243
       Hand axe          |       |       |    11 ||    11
Throw: Dart              |       |     8 |       ||     8
       Javelin           |       |     3 |       ||     3
  Use: Potion            |     1 |       |     3 ||     4
       Scroll            |     1 |       |       ||     1
 Stab: Sleeping          |     5 |     3 |       ||     8
Armor: Leather armour    |    14 |       |       ||    14
       Scale mail        |    11 |    73 |       ||    84
       Ring mail         |       |    44 |    33 ||    77
Dodge: Dodged            |    50 |   141 |    27 ||   218
Block: Buckler           |       |       |     4 ||     4

Table legend: (Time is in decaauts)
 A = Elapsed time spent in this place.
 B = Non-inter-level travel time spent in this place.
 C = Inter-level travel time spent in this place.
 D = Time resting spent in this place.
 E = Time spent auto-exploring this place.
 F = Levels seen in this place.
 G = Mean time per level.
                   A        B        C        D        E       F      G
               +--------+--------+--------+--------+--------+-----+--------+
         Total |   6470 |   6161 |    309 |   1056 |   3955 |   7 |  924.3 |
       Dungeon |   6187 |   5920 |    267 |   1056 |   3716 |   6 | 1031.2 |
        Temple |    282 |    240 |     42 |      0 |    239 |   1 |  282.0 |
               +--------+--------+--------+--------+--------+-----+--------+

Top non-repeatable levels by time:
     D:2: 1878 daAuts
     D:3: 1443 daAuts
     D:4: 1276 daAuts
     D:1: 878 daAuts
     D:5: 708 daAuts
  Temple: 282 daAuts
     D:6: 1 daAuts
